 Dungeon Crawl Stone Soup version 0.26.1-11-gd32895ea62 (webtiles) character file.

Game seed: 12892675037513088183

85 Zeld the Changer (level 4, -4/29 HPs)
             Began as an Octopode Transmuter on May 26, 2021.
             Slain by a gnoll
             ... wielding a +0 halberd
              (12 damage)
             ... on level 2 of the Dungeon.
             The game lasted 00:01:55 (2592 turns).

Zeld the Changer (Octopode Transmuter)              Turns: 2592, Time: 00:01:55

Health: -4/29      AC:  2    Str: 10    XL:     4   Next: 48%
Magic:  2/8        EV: 20    Int: 15    God:
Gold:   113        SH:  0    Dex: 17    Spells: 3/9 levels left

rFire    . . .     SeeInvis .     - Unarmed
rCold    . . .     Faith    .   (shield currently unavailable)
rNeg     . . .     Spirit   .   (helmet currently unavailable)
rPois    x         Reflect  .   (no amulet)
rElec    .         Harm     .   (no ring)
rCorr    .         Rampage  .   (no ring)
Will     .....                  (no ring)
Stlth    ++........             (no ring)
HPRegen  0.09/turn              (no ring)
MPRegen  0.11/turn              (no ring)
                                (no ring)
                                (no ring)

@: spider-form, very slightly contaminated
A: tiny, almost no armour, stealthy swim, (amphibious), 8 rings, (constrict 8)
a: End Transformation


You were on level 2 of the Dungeon.
You were a venomous arachnid creature.
You visited 1 branch of the dungeon, and saw 2 of its levels.

You collected 113 gold pieces.

Inventory:

Jewellery
 b - an uncursed ring of protection from cold {unknown}
Scrolls
 a - 3 scrolls of identify {unknown}
 d - a scroll of magic mapping {unknown}
 f - a scroll of random uselessness {unknown}
 h - a scroll of noise {unknown}
Potions
 c - a potion of heal wounds {unknown}
 e - a potion of might {unknown}
 g - a potion of haste {unknown}


   Skills:
 + Level 1.7 Fighting
 + Level 2.5 Dodging
 - Level 3.0 Unarmed Combat
 * Level 3.0 Spellcasting
 * Level 3.1 Transmutations


You had 3 spell levels left.
You knew the following spells:

 Your Spells              Type           Power        Failure   Level
a - Beastly Appendage     Tmut           22%          16%         1
b - Wereblood             Tmut           11%          22%         2
c - Spider Form           Tmut/Pois      3%           54%         3

Your spell library contained the following spells:

 Spells                   Type           Power        Failure   Level
 Ice Form                 Ice/Tmut       6%           87%         4
 Blade Hands              Tmut           5%           94%         5


Dungeon Overview and Level Annotations

Branches:
Dungeon (2/15)

Altars:
Zin


Innate Abilities, Weirdness & Mutations

You cannot wear most types of armour.
You are very stealthy in the water. (Stealth+)
((You are amphibious.))
You can wear up to eight rings at the same time.
((You can use your tentacles to constrict eight enemies at once.))
((Your skin changes colour to match your surroundings (Stealth+).))
((Your rubbery body absorbs attacks. (AC +1, EV +1)))


Message History

You miscast Spider Form.
You are very lightly contaminated with residual magic.
Nothing appears to happen.
Casting: Spider Form (extremely dangerous; 32% risk of failure)
Confirm with . or Enter, or press ? or * to list all spells.
The spell is extremely dangerous to cast (32% risk of failure)!
Continue anyway? [Y]es or [N]o only, please.
The spell is extremely dangerous to cast (32% risk of failure)!
Continue anyway?
You turn into a venomous arachnid creature.
The gnoll hits you with a +0 halberd!
You hit the gnoll.
The gnoll is poisoned.
The gnoll is lightly wounded.
The gnoll closely misses you.
You hit the gnoll but do no damage.
The gnoll looks as sick as possible!
The gnoll is lightly wounded.
The gnoll hits you with a +0 halberd!
* * * LOW HITPOINT WARNING * * *
You are too injured to fight recklessly!
The gnoll hits you from afar with a +0 halberd!
You die...

######.....###
+.............. ..
##..††######### ...
#....# .... #....#
...)##.g..#
#....g### #.....#
#....s# #####'##
#...# ####### #...#
#.....# #...#
#.....# #...#
#.....# ###'##
#....)#
#...####...†.#######
#...'..'.....'......


You could see 2 gnolls.

Vanquished Creatures
  A bullfrog skeleton (D:2)
  2 adders (D:2)
  A worm (D:2)
  A dart slug (D:1)
  A leopard gecko (D:1)
  8 goblins
  5 hobgoblins
  5 kobolds
  2 ball pythons (D:1)
  3 bats
  2 frilled lizards
  3 rats
34 creatures vanquished.

Notes
Turn   | Place    | Note
-------+----------+-------------------------------------------
     0 | D:1      | Zeld the Octopode Transmuter began the quest for the Orb.
     0 | D:1      | Reached XP level 1. HP: 13/13 MP: 3/3
   893 | D:1      | Reached XP level 2. HP: 17/18 MP: 3/5
   979 | D:1      | Learned a level 2 spell: Wereblood
  1579 | D:1      | Reached XP level 3. HP: 23/23 MP: 4/6
  1587 | D:1      | Learned a level 3 spell: Spider Form
  2050 | D:2      | Found a glowing silver altar of Zin.
  2223 | D:2      | Reached XP level 4. HP: 14/28 MP: 6/8
  2592 | D:2      | Slain by a gnoll

Illustrated notes

Levels and vault maps discovered:
D:1:      dpeg_arrival_morbid_curiosity, layout_loops_ring, amethyst_killhole
D:2:      layout_basic, lemuel_crystal_altar

Skill      XL: |  1  2  3  4 |
---------------+-------------+-----
Transmutations | 3 |  3.1
Spellcasting   | 3 |  3.0
Fighting       | |  1.7
Dodging        | |  2.5
Unarmed Combat | |  3.0

Action                   |  1- 3 |  4- 6 || total
-------------------------+-------+-------++-------
Melee: Unarmed           |    58 |    17 ||    75
       Constrict         |    23 |     3 ||    26
       Tentacles         |    12 |     4 ||    16
       Kick              |    12 |     5 ||    17
       Punch             |       |     1 ||     1
 Cast: Beastly Appendage |    20 |     1 ||    21
       Spider Form       |       |     1 ||     1
 Stab: Sleeping          |     2 |       ||     2
Armor: Skin              |     7 |     1 ||     8
Dodge: Dodged            |    57 |    11 ||    68
